 Dungeon Crawl Stone Soup version 0.28.0-43-g3370ac3207 (webtiles) character file.

Game seed: 10762976714641955512

1148 RepoMan the Digger (level 8, -4/62 HPs)
             Began as a Naga Earth Elementalist on Mar 9, 2022.
             Slain by a four-headed hydra (11 damage)
             ... on level 6 of the Dungeon.
             The game lasted 00:34:30 (4623 turns).

RepoMan the Digger (Naga Earth Elementalist)        Turns: 4623, Time: 00:34:31

Health: -4/62      AC:  3    Str: 10    XL:     8   Next: 38%
Magic:  2/13       EV: 10    Int: 18    God:
Gold:   225        SH:  0    Dex: 12    Spells: 1/13 levels left

rFire   . . .      SeeInvis +   i - +3 quarterstaff (speed)
rCold   . . .      Faith    .   (shield currently unavailable)
rNeg    . . .      Spirit   .   b - +0 robe
rPois   +          Reflect  .   (no helmet)
rElec   .          Harm     .   (no cloak)
rCorr   .          Rampage  .   (no gloves)
Will    +....                   (no barding)
Stlth   ++........              (no amulet)
HPRegen 0.20/turn               d - ring of flight
MPRegen 0.13/turn               (no ring)

@: flying, very slightly contaminated, very slow
A: AC +2, large, see invisible, deformed body, poison resistance, slowness 2,
spit poison 1, naga tail 1
a: Spit Poison


You were on level 6 of the Dungeon.
You visited 1 branch of the dungeon, and saw 6 of its levels.

You collected 491 gold pieces.
You spent 266 gold pieces at shops.

Inventory:

Hand Weapons
 g - a +3 dagger of freezing
 i - a +3 quarterstaff of speed (weapon)
Missiles
 c - 79 stones
 f - 2 throwing nets
Armour
 b - a +0 robe (worn)
Jewellery
 d - a ring of flight (left hand)
Wands
 m - a wand of polymorph (8)
 r - a wand of iceblast (12)
Scrolls
 a - 5 scrolls of teleportation
 e - a scroll of magic mapping {unknown}
 h - a scroll of summoning {unknown}
 l - a scroll of fog {unknown}
 q - 2 scrolls of enchant weapon
Potions
 n - a potion of mutation {unknown}
 o - a potion of attraction {unknown}
 p - 2 potions of curing
 s - a potion of magic
 t - a potion of haste


   Skills:
 - Level 1.5 Dodging
 - Level 3.0 Stealth
 + Level 3.3 Spellcasting
 - Level 3.0 Conjurations
 + Level 4.4 Transmutations
 * Level 7.1 Earth Magic
 + Level 4.3 Poison Magic


You had one spell level left.
You knew the following spells:

 Your Spells              Type           Power      Damage    Failure   Level
a - Stone Arrow           Conj/Erth      42%        3d9       6%          3
c - Mephitic Cloud        Conj/Pois/Air  11%        N/A       17%         3
i - Ignite Poison         Fire/Tmut/Pois 13%        N/A       14%         3
s - Sandblast             Erth           56%        2d13      1%          1
W - Passwall              Tmut/Erth      19%        N/A       2%          2

Your spell library contained the following spells:

 Spells                   Type           Power      Damage    Failure   Level
 Beastly Appendage        Tmut           36%        N/A       2%          1
 Wereblood                Tmut           18%        N/A       3%          2
 Spider Form              Tmut/Pois      18%        N/A       8%          3
 Petrify                  Tmut/Erth      23%        N/A       14%         4
 Freezing Cloud           Conj/Ice/Air   3%         6-21      96%         5


Dungeon Overview and Level Annotations

Branches:
Dungeon (6/15)
 Temple: D:4-7

Altars:
Qazlal
Trog
Vehumet
The Shining One

Shops:
D:5 !

Annotations:
D:5 exclusion: downstairs


Innate Abilities, Weirdness & Mutations

Your serpentine skin is tough. (AC +2)
You have supernaturally acute eyesight. (SInv)
Armour fits poorly on your strangely shaped body.
Your system is resistant to poisons. (rPois)
You cover ground very slowly.
You can spit poison.
You have a snake-like lower body.


Message History

The four-headed hydra is engulfed in blazing flames.
The blast of sand hits the four-headed hydra.
The four-headed hydra is heavily wounded.
The blast of sand hits the four-headed hydra!
The four-headed hydra is severely wounded.
You miscast Sandblast.
You are very lightly contaminated with residual magic.
Nothing appears to happen.
The four-headed hydra closely misses you. x2
The four-headed hydra bites you. x2
As you read the scroll of fear, it crumbles to dust.
You assume a fearsome visage.
The four-headed hydra resists with some effort.
The four-headed hydra bites you! x2
The four-headed hydra bites you but does no damage.
The four-headed hydra bites you!
* * * LOW HITPOINT WARNING * * *
Okay, then.
Unknown command.
Unknown command.
Okay, then.
Unknown command.
You feel much better. The four-headed hydra bites you.
The four-headed hydra closely misses you.
The four-headed hydra bites you. The four-headed hydra bites you!
* * * LOW HITPOINT WARNING * * *
Unknown command.
Okay, then.
Unknown command.
Okay, then.
Unknown command.
Unknown command.
Okay, then.
Unknown command.
You feel much better. The four-headed hydra bites you! x2
* * * LOW HITPOINT WARNING * * *
The four-headed hydra bites you.
* * * LOW HITPOINT WARNING * * *
The four-headed hydra bites you!
You die...

▒.PPPP..).....▒▒.▒▒▒▒▒.
▒.▒.▒.. ▒▒▒▒▒...▒▒▒...▒
.▒ . ▒$▒.▒.▒
▒▒▒▒▒▒▒...▒▒.▒ ▒. ▒.▒....
▒.......▒ ▒. ▒.▒...▒
▒▒▒.......▒ ▒..▒.▒...▒
▒.........▒ ▒.▒.▒...▒
▒.........▒ ▒▒▒▒.(.▒...▒
▒.........▒▒▒▒......▒....
▒.......@D.........>.....
▒▒▒......▒▒▒▒▒......▒.▒..
▒▒.....▒ ▒$.....▒....
▒.....▒ ▒......▒....
▒.....▒ ▒▒▒▒▒▒▒▒....
▒.....▒ ▒.... ▒.....▒
▒.... ▒▒▒▒▒▒▒ ▒.... ▒....


You could see a four-headed hydra.

Vanquished Creatures
  Edmund (D:5)
  2 black bears (D:5)
  A necrophage (D:5)
  A centaur (D:6)
  A phantom (D:4)
  A bullfrog (D:6)
  A scorpion (D:5)
  A centaur zombie (D:6)
  A bullfrog zombie (D:5)
  A hound (D:5)
  A gnoll shaman (D:6)
  An iguana (D:6)
  3 orc wizards
  A hound zombie (D:5)
  2 hound skeletons (D:4)
  A howler monkey zombie (D:6)
  5 adders
  5 gnolls (D:6)
  2 ufetubi (D:5)
  An adder skeleton (D:4)
  A worm (D:3)
  7 orcs
  6 ball pythons
  12 endoplasms
  4 giant cockroaches
  16 goblins
  12 hobgoblins
  9 jackals
  2 quokkas
  5 bats
  4 frilled lizards
  10 kobolds
  3 rats
124 creatures vanquished.

Vanquished Creatures (others)
  A fungus (D:6)
  5 toadstools (D:6)
6 creatures vanquished.

Grand Total: 130 creatures vanquished

Notes
Turn   | Place    | Note
-------+----------+-------------------------------------------
     0 | D:1      | RepoMan the Naga Earth Elementalist began the quest for the
                  | Orb.
     0 | D:1      | Reached XP level 1. HP: 15/15 MP: 3/3
   185 | D:1      | Reached XP level 2. HP: 22/22 MP: 5/5
   351 | D:1      | Reached XP level 3. HP: 28/28 MP: 4/6
   355 | D:1      | Learned a level 2 spell: Passwall
   626 | D:1      | Reached skill level 4 in Earth Magic
   642 | D:1      | Found a faded altar of an unknown god.
  1061 | D:2      | Reached XP level 4. HP: 36/36 MP: 7/7
  1350 | D:2      | Found a bloodstained altar of Trog.
  1576 | D:2      | Reached XP level 5. HP: 18/42 MP: 4/8
  1579 | D:2      | Reached skill level 5 in Earth Magic
  1961 | D:3      | Learned a level 3 spell: Mephitic Cloud
  2373 | D:3      | Found a glowing golden altar of the Shining One.
  2380 | D:3      | Found a stormy altar of Qazlal.
  2498 | D:3      | Reached skill level 1 in Poison Magic
  2674 | D:4      | Noticed a phantom
  2681 | D:4      | Killed a phantom
  2682 | D:4      | Reached skill level 1 in Conjurations
  2682 | D:4      | Reached XP level 6. HP: 49/49 MP: 5/9
  2694 | D:4      | Found a radiant altar of Vehumet.
  3337 | D:5      | Entered Level 5 of the Dungeon
  3451 | D:5      | Noticed a black bear
  3460 | D:5      | Killed a black bear
  3463 | D:5      | Reached XP level 7. HP: 55/55 MP: 5/10
  3467 | D:5      | Learned a level 3 spell: Stone Arrow
  3543 | D:5      | Reached skill level 6 in Earth Magic
  3689 | D:5      | Noticed Edmund
  3773 | D:5      | Killed Edmund
  3852 | D:5      | Learned a level 3 spell: Ignite Poison
  3900 | D:5      | Found Awepuuv's Distillery.
  3908 | D:5      | Bought a potion of degeneration for 14 gold pieces
  3908 | D:5      | Bought a potion of magic for 112 gold pieces
  3908 | D:5      | Bought a potion of haste for 140 gold pieces
  3972 | D:5      | Reached XP level 8. HP: 61/62 MP: 7/12
  4243 | D:6      | Noticed a four-headed hydra
  4495 | D:6      | Reached skill level 7 in Earth Magic
  4623 | D:6      | Slain by a four-headed hydra

Illustrated notes

Levels and vault maps discovered:
D:1:      ebering_hopf_link, layout_basic, shapermc_ecumenical_altar_ellora
D:2:      layout_loops_ring, basic_altar, chequers_serial_rivers_micro_d,
          hangedman_feature_mirror
D:3:      layout_basic, mainiacjoe_overflow_big_doors, serial_corexii_hall,
          corexii_hall_statues_i, chequers_hall_statues_y
D:4:      layout_basic, vehumet_crystals, nicolae_elevator_lobby_asterisk
D:5:      layout_basic, serial_shops, nicolae_lakefront_shop, uniq_edmund
D:6:      layout_basic, minmay_gold_behind_fungi

Skill      XL: |  1  2  3  4  5  6  7  8 |
---------------+-------------------------+-----
Earth Magic    | 4 5 6 7 |  7.1
Transmutations | 2 3 4 |  4.4
Poison Magic   | 1 2 3 4 |  4.3
Conjurations   | 1 2 3 |  3.0
Spellcasting   | 3 |  3.3
Dodging        | |  1.5
Stealth        | |  3.0

Action                   |  1- 3 |  4- 6 |  7- 9 || total
-------------------------+-------+-------+-------++-------
Melee: Unarmed           |    10 |       |       ||    10
       Dagger            |    11 |       |       ||    11
       Quarterstaff      |     5 |    42 |    19 ||    66
Throw: Stone             |       |       |     1 ||     1
 Cast: Sandblast         |    13 |    38 |    40 ||    91
       Stone Arrow       |       |       |     6 ||     6
       Mephitic Cloud    |       |       |     6 ||     6
       Ignite Poison     |       |       |     2 ||     2
 Abil: Spit Poison       |    47 |    49 |    10 ||   106
  Use: Scroll            |       |     5 |     2 ||     7
       Potion            |       |       |     2 ||     2
Armor: Robe              |     7 |     7 |     4 ||    18
Dodge: Dodged            |    10 |     9 |    14 ||    33
